 Dungeon Crawl Stone Soup version 0.31-a0-161-gb58dd9be76 (webtiles) character file.

Game seed: 6877911576992318183

396 qw the Shooter (level 6, -2/39 HPs)
             Began as a Gargoyle Hunter on June 12, 2023.
             Slain by an ogre
             ... wielding a +0 giant club
              (28 damage)
             ... on level 5 of the Dungeon.
             The game lasted 00:01:19 (3382 turns).

qw the Shooter (Gargoyle Hunter)                    Turns: 3382, Time: 00:01:20

Health: -2/39      AC:  8    Str: 15    XL:     6   Next: 82%
Magic:  6/6        EV: 17    Int:  9    God:
Gold:   109        SH:  0    Dex: 15    Spells: 5/5 levels left

rFire   + . .        Y - +0 orcbow
rCold   . . .        (shield currently unavailable)
rNeg    + + .        d - +1 robe of the Okapi {-Cast rN+ rCorr}
rPois   inf          (no helmet)
rElec   +            (no cloak)
rCorr   +            j - +0 pair of gloves
SInv    .            (no boots)
Will    .....        (no amulet)
Stlth   ++           a - +5 ring of evasion
HPRegen 0.26/turn    k - ring of protection from fire
MPRegen 0.10/turn

%: no spellcasting
@: no status effects
A: sickness immunity, AC +4, negative energy resistance 1, electricity
resistance, torment resistance 1, petrification resistance
a: no special abilities


You were on level 5 of the Dungeon.
You visited 1 branch of the dungeon, and saw 5 of its levels.

You collected 109 gold pieces.


Innate Abilities, Weirdness & Mutations

You are immune to sickness and miasma.
Your stone body is resilient. (AC +4)
You are immune to poison.
You resist negative energy. (rN+)
You are resistant to electric shocks. (rElec)
You are resistant to unholy torment.
You are immune to petrification.


   Skills:
 - Level 4.6 Fighting
 + Level 6.9 Ranged Weapons
 - Level 1.5 Dodging
 - Level 1.1 Stealth


You had 5 spell levels left.
You didn't know any spells.
Your spell library was empty.

Inventory:

Hand Weapons
 Y - a +0 orcbow (weapon)
Armour
 d - the +1 robe of the Okapi (worn) {-Cast rN+ rCorr}
   (You found it on level 2 of the Dungeon)

   rN:        It protects you from negative energy.
   -Cast:     It prevents spellcasting.
   rCorr:     It protects you from acid and corrosion.
 j - a +0 pair of gloves (worn)
 o - a +0 ring mail
Jewellery
 a - a +5 ring of evasion (left hand)
 c - a ring of resist corrosion
 k - a ring of protection from fire (right hand)
Scrolls
 b - a scroll of identify
Potions
 e - a potion of heal wounds
 g - a potion of ambrosia {unknown}
 h - a potion of curing {unknown}
 p - a potion of berserk rage {unknown}

Dungeon Overview and Level Annotations

Branches:
Dungeon (5/15)             Temple (0/1) D:5

Altars:
Ru


Message History

An ufetubus comes into view.
The ufetubus moves out of view.
3375 ||| PLANNING TEMPLE You shoot an arrow.
The arrow hits the ogre!
The ogre shouts!
The ogre is moderately wounded.
You hear a bark!
You hear a shout!
You shoot an arrow. The arrow hits the ogre!
The ogre is severely wounded.
You shoot an arrow. The arrow closely misses the ufetubus.
A hound comes into view.
You shoot an arrow. The arrow hits the ufetubus.
The ufetubus is heavily wounded.
The ufetubus barely misses you. x2
You shoot an arrow. The arrow hits the ufetubus.
The ufetubus is severely wounded.
The ufetubus misses you. The ufetubus barely misses you.
An ufetubus comes into view.
The ufetubus hits you.
The ufetubus hits you but does no damage.
You shoot an arrow. The ufetubus shouts!
The arrow hits the ogre.
The ogre is almost dead.
The ufetubus closely misses you. The ufetubus misses you.
The ogre closely misses you.
A hound comes into view.
The ufetubus closely misses you.
The ufetubus hits you but does no damage.
You shoot an arrow. The arrow hits the ogre.
The ogre is almost dead.
The ufetubus completely misses you. The ufetubus misses you.
The ogre hits you with a +0 giant club!
You shoot an arrow. The arrow closely misses the ogre.
The arrow barely misses the ufetubus.
The ufetubus closely misses you. The ufetubus barely misses you.
The ufetubus closely misses you. x2
The ogre hits you with a +0 giant club!!
Ouch! That really hurt!
You die...

### ###
#########.######### ..
..................# ..
###.##.....#####.# #.#
#.........# #.#
.###..###..#.....## ##.#
...........##...#####...
#....##..###......<...
.##5@...# ########...
#....hO.##.# ##.#
..##h5#....# #.#
.....#.##.# #.. #.##.
...... ### . .. #.#..#
.> ..# .# ... #..


You could see an ogre, 2 hounds and 2 ufetubi.

Vanquished Creatures
  A centaur (D:2)
  A jelly (D:4)
  A sleepcap (D:4)
  An iguana (D:4)
  A mummy (D:4)
  3 gnolls (D:4)
  3 adders
  5 shadow imps (D:4)
  A white imp (D:4)
  4 ufetubi (D:4)
  2 worms
  A dart slug (D:4)
  11 orcs
  5 ball pythons
  7 bats
  7 endoplasms
  4 giant cockroaches
  5 goblins
  4 hobgoblins
  2 jackals (D:2)
  6 kobolds
  3 quokkas
  3 frilled lizards
  5 rats
86 creatures vanquished.

Notes
Turn   | Place    | Note
-------+----------+-------------------------------------------
     0 | D:1      | qw the Gargoyle Hunter began the quest for the Orb.
     0 | D:1      | Reached XP level 1. HP: 12/12 MP: 1/1
     0 | D:1      | 0 ||| qw: Version: 0.2-a-29-gc1b59c4
     0 | D:1      | 0 ||| qw: Game counter: 4257
     0 | D:1      | 0 ||| qw: Always use a shield: true
     0 | D:1      | 0 ||| qw: God list: Okawaru
     0 | D:1      | 0 ||| qw: Allow faded altars: false
     0 | D:1      | 0 ||| qw: Do Orc after D:15 true
     0 | D:1      | 0 ||| qw: Do second Lair branch before Depths: true
     0 | D:1      | 0 ||| qw: Lair rune preference: random
     0 | D:1      | 0 ||| qw: Plans: Normal, Zot:1-4, Slime:5, God:TSO, Crypt,
                  | Tomb, Abyss, Pan, Hells, Win
     0 | D:1      | 0 ||| PLANNING D:1-11
   184 | D:1      | HP: 3/12 [constriction (1)]
   233 | D:1      | Found a faded altar of an unknown god.
   242 | D:1      | Reached XP level 2. HP: 14/17 MP: 2/2
   775 | D:1      | 775 ||| READING scroll labelled KUBISCHULUI.
   776 | D:1      | 776 ||| DROPPING scroll of butterflies.
   828 | D:2      | 828 ||| STAIRDANCE
   838 | D:2      | 838 ||| STAIRDANCE
   844 | D:1      | Reached XP level 3. HP: 21/21 MP: 3/3
   941 | D:2      | Reached skill level 5 in Ranged Weapons
  1065 | D:2      | Identified the +1 robe of the Okapi {-Cast rN+ rCorr}
  1387 | D:2      | 1387 ||| UPGRADING to +1 robe of the Okapi {-Cast rN+
                  | rCorr}.
  1397 | D:2      | 1397 ||| UPGRADING to +5 ring of evasion.
  1398 | D:2      | 1398 ||| READING 2 scrolls labelled HISONE YDUIR.
  1399 | D:2      | 1399 ||| READING scroll labelled ORAUCO LEPHIE.
  1431 | D:3      | Noticed a centaur
  1433 | D:3      | 1433 ||| STAIRDANCE
  1467 | D:3      | 1467 ||| STAIRDANCE
  1470 | D:2      | Killed a centaur
  1471 | D:2      | Reached XP level 4. HP: 24/30 MP: 4/4
  1471 | D:2      | Reached XP level 5. HP: 27/34 MP: 5/5
  1500 | D:2      | 1500 ||| SWAPPING to +0 orcbow.
  1501 | D:2      | 1501 ||| DROPPING +1 shortbow.
  1539 | D:3      | Found a sacrificial altar of Ru.
  2297 | D:3      | 2297 ||| DROPPING +0 leather armour.
  2298 | D:3      | 2298 ||| UPGRADING to +0 pair of gloves.
  2303 | D:3      | 2303 ||| UPGRADING to ring of protection from fire.
  2304 | D:3      | 2304 ||| READING scroll labelled XESCHI KASHRUE.
  2305 | D:3      | 2305 ||| READING 2 scrolls labelled JIHUAM YGI MANUEN.
  2310 | D:3      | 2310 ||| READING scroll labelled RYKHLU REHAUSK.
  2337 | D:4      | 2337 ||| PLANNING OSSUARY
  2422 | D:4      | Reached XP level 6. HP: 34/39 MP: 6/6
  2451 | D:4      | Reached skill level 6 in Ranged Weapons
  2485 | D:4      | HP: 9/39 [gnoll/+0 spear (1)]
  2486 | D:4      | 2486 ||| READING scroll of teleportation.
  2488 | D:4      | HP: 3/39 [gnoll/+0 spear (4)]
  3106 | D:4      | 3106 ||| RIP OSSUARY
  3141 | D:4      | 3141 ||| PLANNING D:1-11
  3226 | D:4      | 3226 ||| READING scroll labelled ESHREFF KASA.
  3227 | D:4      | 3227 ||| READING scroll labelled XAACKUESUO.
  3328 | D:4      | 3328 ||| READING 3 scrolls of identify.
  3328 | D:4      | 3328 ||| IDENTIFYING glowing puce potion
  3329 | D:4      | 3329 ||| READING 2 scrolls of identify.
  3329 | D:4      | 3329 ||| IDENTIFYING emerald potion
  3330 | D:4      | 3330 ||| DROPPING potion of degeneration.
  3350 | D:5      | Entered Level 5 of the Dungeon
  3374 | D:5      | Found a staircase to the Ecumenical Temple.
  3375 | D:5      | 3375 ||| PLANNING TEMPLE
  3382 | D:5      | Slain by an ogre

Levels and vault maps discovered:
D:1:      sevenhm_arrival_forest_fort_large_3, layout_basic,
          ebering_ecumenical_altar_sacrificial
D:2:      layout_basic, minmay_crystal_room
D:3:      layout_loops_ring, lemuel_crystal_altar, serial_aquarium,
          aquarium_bridge_long_separate [aquarium_subvault_bridge,
          aquarium_subvault_bridge, aquarium_subvault_wall,
          aquarium_subvault_balcony, aquarium_subvault_balcony,
          aquarium_subvault_bridge], aquarium_bridge_square
          [aquarium_subvault_bridge, aquarium_subvault_wall,
          aquarium_subvault_bridge, aquarium_subvault_balcony],
          aquarium_window_corner, aquarium_window_1, aquarium_window_1,
          aquarium_view_2f, aquarium_view_2c, aquarium_balcony_3a,
          aquarium_pool_five, hangedman_glass_teeth
D:4:      layout_basic, gup_ossuary_entry_pyramid, serial_demonic,
          serial_demonic_a, serial_demonic_f, serial_demonic_a,
          serial_demonic_g, serial_demonic_d, serial_demonic_f
D:5:      layout_loops_ring, minmay_temple_entry_ruins, minivault_11,
          chequers_serial_rivers_small_b

Skill      XL: |  1  2  3  4  5  6 |
---------------+-------------------+-----
Ranged Weapons | 5 6 |  6.9
Fighting       | 4 |  4.6
Dodging        | |  1.5
Stealth        | |  1.1

Action                     |  1- 3 |  4- 6 || total
---------------------------+-------+-------++-------
   Fire: Shortbow          |   112 |       ||   112
         Orcbow            |       |   191 ||   191
    Use: Scroll            |     3 |     8 ||    11
 Armour: Leather armour    |    25 |       ||    25
         Robe              |     3 |    22 ||    25
  Dodge: Dodged            |    42 |   135 ||   177

Table legend:
 A = Non-vault XP
 B = Vault XP
 C = Vault XP percentage of total XP
 D = Non-vault monster count
 E = Vault monster count
 F = Vault count percentage of total count
                 A         B        C        D         E       F
            +---------+---------+-------+---------+---------+-------
      Total |     448 |     118 |  20.8 |      75 |      11 |  12.8
            +---------+---------+-------+---------+---------+-------
        D:1 |      35 |       0 |   0.0 |      21 |       0 |   0.0
        D:2 |     149 |       0 |   0.0 |      20 |       0 |   0.0
        D:3 |      46 |       0 |   0.0 |      16 |       0 |   0.0
        D:4 |     218 |     118 |  35.1 |      18 |      11 |  37.9
            +---------+---------+-------+---------+---------+-------
